 Dungeon Crawl Stone Soup version 0.20.0-8-g6b59dc7 (webtiles) character file.

332 KristoblXynda the Chopper (level 6, 0/55 HPs)
             Began as a Deep Dwarf Fighter on June 1, 2017.
             Was an Initiate of Makhleb.
             Slain by a howler monkey (1 damage)
             ... on level 4 of the Dungeon.
             The game lasted 00:06:03 (3016 turns).

KristoblXynda the Chopper (Deep Dwarf Fighter)      Turns: 3016, Time: 00:06:05

Health: 0/55       AC: 11    Str: 22    XL:     6   Next: 26%
Magic:  6/6        EV:  5    Int:  8    God:    Makhleb [......]
Gold:   177        SH: 11    Dex: 12    Spells: 5/5 levels left

rFire    . . .     SeeInvis .   a - +1 war axe
rCold    . . .     Gourm    .   c - +1 shield
rNeg     . . .     Faith    .   n - +0 chain mail
rPois    .         Spirit   .   e - +2 hat
rElec    .         Reflect  .   (no cloak)
rCorr    .         Harm     .   (no gloves)
MR       .....                  (no boots)
Stlth    ..........             (no amulet)
Regen    0.0/turn               (no ring)
MPRegen  0.1/turn               (no ring)

@: non-regenerating
A: damage resistance, heal wounds, sense surroundings 1, no regeneration
a: Heal Wounds, Renounce Religion


You were on level 4 of the Dungeon.
You worshipped Makhleb.
Makhleb was noncommittal.
You were not hungry.

You visited 1 branch of the dungeon, and saw 4 of its levels.

You collected 177 gold pieces.

Inventory:

Hand Weapons
 a - a +1 war axe (weapon)
Armour
 c - a +1 shield (worn)
 e - a +2 hat (worn)
 n - a +0 chain mail (worn)
Scrolls
 h - 2 scrolls of identify
 k - 2 scrolls of remove curse
Potions
 d - a potion of invisibility
 g - 2 potions of flight
 j - a potion of curing {unknown}
 m - a potion of brilliance
Comestibles
 b - 4 chunks of flesh
 f - 5 bread rations
 i - 3 royal jellies
 l - a meat ration


   Skills:
 - Level 2.6 Fighting
 * Level 5.6 Axes
 + Level 4.7 Armour
 + Level 4.6 Shields


You had 5 spell levels left.
You didn't know any spells.

Dungeon Overview and Level Annotations

Branches:
Dungeon (4/15)
 Temple: D:4-7

Altars:
Fedhas
Kikubaaqudgha
Makhleb
Uskayaw
Yredelemnul
Zin


Innate Abilities, Weirdness & Mutations

You are resistant to damage.
You can heal yourself by infusing magical energy.
You passively map a small area around you.
You do not regenerate.


Message History

A giant cockroach and a howler monkey come into view.
The howler monkey howls!
Found a stone staircase leading down.
The howler monkey hoots and howls with incredible vigour!
You hit the giant cockroach.
You kill the giant cockroach!
Makhleb accepts your kill.
You closely miss the howler monkey. You block the howler monkey's attack.
The howler monkey closely misses you.
You hit the howler monkey.
The howler monkey is lightly wounded.
The howler monkey hits you but does no damage.
You barely miss the howler monkey.
The howler monkey is lightly wounded.
The howler monkey barely misses you. The howler monkey hits you.
* * * LOW HITPOINT WARNING * * *
You hit the howler monkey.
The howler monkey is lightly wounded.
The howler monkey hits you.
You die...

......## #.. #....>##
##. #.....### #.
###.....## #.
##........### ##
##...........### #
#..............### #
##................####
#....@..............##
#....h......#.........
#...........##........
#.......[..#####......
#.........## , ##.....
**#..>......# , #.....
, ..........+ ##.... ,
, .########### #.....
* , #.....


You could see a howler monkey.

Vanquished Creatures
  A scorpion (D:4)
  A howler monkey (D:4)
  An orc priest (D:4)
  A hound (D:3)
  An orc wizard (D:3)
  An iguana (D:4)
  3 adders
  An ooze (D:3)
  2 worms (D:2)
  6 dart slugs
  A leopard gecko (D:2)
  12 orcs
  3 giant cockroaches
  9 goblins
  7 hobgoblins
  3 jackals (D:4)
  3 quokkas
  3 bats
  6 frilled lizards
  A jackal skeleton (D:4)
  4 kobolds (D:1)
  9 rats
79 creatures vanquished.

Notes
Turn   | Place    | Note
-------+----------+-------------------------------------------
     0 | D:1      | KristoblXynda the Deep Dwarf Fighter began the quest for the Orb.
     0 | D:1      | Reached XP level 1. HP: 20/20 MP: 1/1
   196 | D:1      | Reached XP level 2. HP: 21/27 MP: 2/2
   284 | D:1      | Reached skill level 3 in Axes
   356 | D:1      | Reached XP level 3. HP: 19/33 MP: 3/3
  1445 | D:2      | Found an ancient bone altar of Kikubaaqudgha.
  1729 | D:3      | Reached XP level 4. HP: 17/40 MP: 4/4
  1737 | D:3      | Reached skill level 4 in Axes
  1886 | D:3      | Reached XP level 5. HP: 14/46 MP: 5/5
  2014 | D:3      | Found a basalt altar of Yredelemnul.
  2101 | D:3      | Found a burning altar of Makhleb.
  2107 | D:3      | Became a worshipper of Makhleb the Destroyer
  2326 | D:3      | HP: 1/46 [orc (2)]
  2713 | D:4      | Found a blossoming altar of Fedhas.
  2715 | D:4      | Found a hide-covered altar of Uskayaw.
  2777 | D:4      | Reached skill level 5 in Axes
  2842 | D:4      | Reached XP level 6. HP: 2/55 MP: 6/6
  2972 | D:4      | Found a glowing silver altar of Zin.
  3015 | D:4      | HP: 1/55 [howler monkey (1)]
  3016 | D:4      | Slain by a howler monkey

Skill      XL: |  1  2  3  4  5 |
---------------+----------------+-----
Axes           | 3 4 5 |  5.6
Armour         | 4 |  4.7
Shields        | 4 |  4.6
Fighting       | |  2.6

Action                   |  1- 3 |  4- 6 || total
-------------------------+-------+-------++-------
Melee: War axe           |   118 |   106 ||   224
  Use: Scroll            |     3 |     9 ||    12
       Potion            |       |     1 ||     1
  Eat: Chunk             |     1 |     3 ||     4
       Fruit             |     1 |       ||     1
       Royal jelly       |       |     1 ||     1
Armor: Scale mail        |    55 |    36 ||    91
       Chain mail        |       |    26 ||    26
Dodge: Dodged            |    31 |    33 ||    64
Block: Shield            |    45 |    54 ||    99
